 Dungeon Crawl Stone Soup version 0.28-a0-175-gb2089b6bb7 (webtiles) character file.

Game seed: 13974991725966797461

56 EnegeticOcto the Conjurer (level 3, 0/26 HPs)
             Began as a Demonspawn Air Elementalist on Aug 17, 2021.
             Slain by Sigmund (12 damage)
             ... on level 3 of the Dungeon.
             The game lasted 00:04:27 (2758 turns).

EnegeticOcto the Conjurer (DsAE)                    Turns: 2758, Time: 00:04:27

Health: 0/26       AC:  2    Str:  8    XL:     3   Next: 71%
Magic:  1/6        EV: 12    Int: 17    God:
Gold:   11         SH:  0    Dex: 13    Spells: 3/6 levels left

rFire   . . .      SeeInvis .   h - +0 morningstar
rCold   . . .      Faith    .   (no shield)
rNeg    . . .      Spirit   .   a - +0 robe
rPois   .          Reflect  .   (no helmet)
rElec   .          Harm     .   (no cloak)
rCorr   .          Rampage  .   (no gloves)
Will    .....                   (no boots)
Stlth   ++........              (no amulet)
HPRegen 0.08/turn               (no ring)
MPRegen 0.10/turn               (no ring)

@: no status effects
A: foul stench 2
a: no special abilities


You were on level 3 of the Dungeon.
You visited 1 branch of the dungeon, and saw 3 of its levels.

You collected 76 gold pieces.
You spent 65 gold pieces at shops.

Inventory:

Hand Weapons
 b - a +0 war axe
   (You found it on level 1 of the Dungeon)
 h - a +0 morningstar (weapon)
   (You found it on level 2 of the Dungeon)
Missiles
 c - 5 poisoned darts (quivered)
Armour
 a - a +0 robe (worn)
Scrolls
 d - a scroll of magic mapping {@r5 !r}
 g - a scroll of amnesia {unknown}
 j - a scroll of teleportation {@r3 !r}
 n - a scroll of holy word {unknown}
Potions
 i - a potion of attraction
 l - a potion of flight {unknown}
 m - a potion of magic {unknown}


   Skills:
 - Level 1.0 Fighting
 - Level 1.7 Dodging
 + Level 2.0 Stealth
 - Level 2.0 Spellcasting
 + Level 3.0 Conjurations
 - Level 3.0 Air Magic


You had 3 spell levels left.
You knew the following spells:

 Your Spells              Type           Power      Damage    Failure   Level
a - Shock                 Conj/Air       44%        1d5       5%          1
b - Static Discharge      Conj/Air       11%        N/A       9%          2

Your spell library contained the following spells:

 Spells                   Type           Power      Damage    Failure   Level
 Swiftness                Air            11%        N/A       17%         3
 Animate Skeleton         Necr           2%         N/A       19%         1
 Pain                     Necr           4%         1d4       19%         1
 Gell's Gravitas          Tloc           0%         N/A       50%         3
 Teleport Other           Tloc           1%         N/A       50%         3
 Vampiric Draining        Necr           0%         2d6       50%         3
 Airstrike                Air            5%         N/A       50%         4
 Dispersal                Tloc           0%         N/A       100%        6


Dungeon Overview and Level Annotations

Branches:
Dungeon (3/15)

Altars:

Shops:
D:2 ?

Annotations:
D:3 Sigmund


Innate Abilities, Weirdness & Mutations

You sometimes emit foul miasma when damaged in melee.


Message History

Press: ? - help, Shift-Dir - straight line, f/p - kobold
Aim: a kobold, wielding a +0 whip and quivering stones (heavily wounded, 60% to hit)
The zap hits the kobold.
You kill the kobold!
Training target 1.0 for Fighting reached!
Your Fighting skill increases to level 1!
You need to enable at least one skill for training.
Things that are here:
a +0 whip; 2 stones; a kobold corpse An endoplasm comes into view.
Found 19 stones.
Casting: Shock (safe; 5% risk of failure)
Confirm with . or Enter, or press ? or * to list all spells.
Aiming: Shock (safe; 5% risk of failure)
Press: ? - help, Shift-Dir - straight line, f - endoplasm
Aim: an endoplasm (asleep, 100% to hit)
The zap hits the endoplasm.
The endoplasm is heavily wounded.
The endoplasm quivers.
Casting: Shock (safe; 5% risk of failure)
Confirm with . or Enter, or press ? or * to list all spells.
Aiming: Shock (safe; 5% risk of failure)
Press: ? - help, Shift-Dir - straight line, f/p - endoplasm
Aim: an endoplasm (heavily wounded, 97% to hit)
The zap hits the endoplasm.
You kill the endoplasm!
A kobold comes into view. It is wielding a +0 short sword.
The kobold shouts!
You hear a shout!
Found 32 stones.
Casting: Shock (safe; 5% risk of failure)
Confirm with . or Enter, or press ? or * to list all spells.
Aiming: Shock (safe; 5% risk of failure)
Press: ? - help, Shift-Dir - straight line, f - kobold
Aim: a kobold, wielding a +0 short sword and quivering stones (60% to hit)
The zap misses the kobold.
A bat comes into view.
Casting: Shock (safe; 5% risk of failure)
Confirm with . or Enter, or press ? or * to list all spells.
Aiming: Shock (safe; 5% risk of failure)
Press: ? - help, Shift-Dir - straight line, f/p - kobold
Aim: a kobold, wielding a +0 short sword and quivering stones (60% to hit)
The zap misses the kobold.
Casting: Shock (safe; 5% risk of failure)
Confirm with . or Enter, or press ? or * to list all spells.
Aiming: Shock (safe; 5% risk of failure)
Press: ? - help, Shift-Dir - straight line, f/p - kobold
Aim: a kobold, wielding a +0 short sword and quivering stones (60% to hit)
The zap hits the bat.
The bat is moderately wounded.
The zap misses the kobold.
The bat hits you but does no damage.
Casting: Shock (safe; 5% risk of failure)
Confirm with . or Enter, or press ? or * to list all spells.
Aiming: Shock (safe; 5% risk of failure)
Press: ? - help, Shift-Dir - straight line, f/p - kobold
Aim: a kobold, wielding a +0 short sword and quivering stones (60% to hit)
The zap hits the bat.
You kill the bat!
The zap hits the kobold.
You kill the kobold!
Sigmund the Dreaded comes into view.
He is wielding a +0 scythe.
Things that are here:
a +0 whip; 2 stones; a kobold corpse
Things that are here:
a +0 club; an orc corpse Sigmund mumbles some strange words.
Sigmund flickers and vanishes!
Deactivating autopickup; reactivate with Ctrl-A.
Casting: Shock (safe; 5% risk of failure)
Confirm with . or Enter, or press ? or * to list all spells.
You can't see any susceptible monsters within range! (Use Z to cast anyway.)
Casting: Shock (safe; 5% risk of failure)
Confirm with . or Enter, or press ? or * to list all spells.
Aiming: Shock (safe; 5% risk of failure)
Press: ? - help, Shift-Dir - straight line
Okay, then.
Okay, then.
Casting: Shock (safe; 5% risk of failure)
Confirm with . or Enter, or press ? or * to list all spells.
Something is struck by an arc of lightning!
You are struck by an arc of lightning.
The lightning grounds out.
You hear some strange, mumbled words.
A puff of flame appears from out of thin air!
The puff of flame hits you!
Casting: Static Discharge (safe; 9% risk of failure)
Confirm with . or Enter, or press ? or * to list all spells.
Something is struck by an arc of lightning!
The lightning grounds out.
You hear some strange, mumbled words.
You are confused.
You closely miss something. Something hits you!
* * * LOW HITPOINT WARNING * * *
It was a potion of curing.
You feel better. Something hits you!
Ouch! That really hurt!
* * * LOW HITPOINT WARNING * * *
You emit a cloud of foul miasma!
Really quaff
f - a potion of curing {@q1 !q}?
You feel better.
Okay, then.
You miss something. Something hits you!
You die...

.........#
.........#
.........#
.......<.#
.........# ###
.........####.#
.........##...#
.........<{.###
..........#@##
.........##..#
........####)##
#.....###....#
.######@##..####
......##....##
#.##...>.####
.....##....#
.#...##.#......#.


There were no monsters in sight!

Vanquished Creatures
  An adder (D:2)
  A worm (D:2)
  A dart slug (D:1)
  An orc (D:3)
  2 ball pythons (D:2)
  5 bats
  4 endoplasms
  3 giant cockroaches
  5 goblins
  2 hobgoblins (D:1)
  2 quokkas
  3 frilled lizards
  5 kobolds
  3 rats
38 creatures vanquished.

Notes
Turn   | Place    | Note
-------+----------+-------------------------------------------
     0 | D:1      | EnegeticOcto the Demonspawn Air Elementalist began the
                  | quest for the Orb.
     0 | D:1      | Reached XP level 1. HP: 13/13 MP: 3/3
    73 | D:1      | Reached skill level 2 in Stealth
   314 | D:1      | Gained mutation: You may rarely emit foul miasma when
                  | damaged in melee. [demonic ancestry]
   314 | D:1      | Reached XP level 2. HP: 14/19 MP: 0/5
   438 | D:1      | Reached skill level 2 in Conjurations
   496 | D:1      | Learned a level 2 spell: Static Discharge
   803 | D:1      | Found a faded altar of an unknown god.
  1471 | D:2      | Reached skill level 3 in Conjurations
  1471 | D:2      | Gained mutation: You sometimes emit foul miasma when
                  | damaged in melee. [demonic ancestry]
  1471 | D:2      | Reached XP level 3. HP: 20/24 MP: 0/6
  1535 | D:2      | Found Xaus's Magic Scroll Emporium.
  1573 | D:2      | Bought a scroll of teleportation for 30 gold pieces
  1900 | D:2      | Reached skill level 3 in Air Magic
  2591 | D:2      | Bought a scroll of magic mapping for 35 gold pieces
  2678 | D:3      | Reached skill level 1 in Fighting
  2728 | D:3      | Noticed Sigmund
  2758 | D:3      | Slain by Sigmund

Illustrated notes

Levels and vault maps discovered:
D:1:      minmay_arrival_stair_chambers, layout_loops_cross,
          chequers_ecumenical_altar_simple
D:2:      layout_basic, serial_shops, shop_statue, grunt_decor_junction
D:3:      layout_rooms, serial_shops, nicolae_shop_behind_doors, serial_curves,
          eino_curves_01, eino_curves_04, uniq_jessica, uniq_sigmund

Skill      XL: |  1  2  3 |
---------------+----------+-----
Stealth        | 2 |  2.0
Conjurations   | 3 |  3.0
Air Magic      | 3 |  3.0
Fighting       | 1 |  1.0
Dodging        | |  1.7
Spellcasting   | |  2.0

Action                   || total
-------------------------++-------
Melee: War axe           ||     5
       Morningstar       ||    10
Throw: Dart              ||     2
 Cast: Shock             ||    64
       Static Discharge  ||     9
  Use: Scroll            ||     3
       Potion            ||     2
Armor: Robe              ||     8
Dodge: Dodged            ||     8

Table legend: (Time is in decaauts)
 A = Elapsed time spent in this place.
 B = Non-inter-level travel time spent in this place.
 C = Inter-level travel time spent in this place.
 D = Time resting spent in this place.
 E = Time spent auto-exploring this place.
 F = Levels seen in this place.
 G = Mean time per level.
                   A        B        C        D        E       F      G
               +--------+--------+--------+--------+--------+-----+--------+
         Total |   2763 |   2693 |     70 |     28 |   2426 |   3 |  921.0 |
       Dungeon |   2763 |   2693 |     70 |     28 |   2426 |   3 |  921.0 |
               +--------+--------+--------+--------+--------+-----+--------+

Top non-repeatable levels by time:
     D:2: 1510 daAuts
     D:1: 1091 daAuts
     D:3: 161 daAuts
